 Dungeon Crawl Stone Soup version 0.27.1-4-g1640c2035a (webtiles) character file.

Game seed: 463689368522984118

137 Crownlay the Slasher (level 5, -2/42 HPs)
             Began as a Minotaur Gladiator on Nov 1, 2021.
             Slain by a wyvern (13 damage)
             ... on level 4 of the Dungeon.
             The game lasted 00:02:18 (3015 turns).

Crownlay the Slasher (Minotaur Gladiator)           Turns: 3015, Time: 00:02:18

Health: -2/42      AC:  3    Str: 19    XL:     5   Next: 0%
Magic:  4/4        EV: 12    Int:  5    God:
Gold:   132        SH:  0    Dex: 12    Spells: 4/4 levels left

rFire    + . .     SeeInvis .   a - +0 long sword (freeze)
rCold    . . .     Faith    .   (no shield)
rNeg     . . .     Spirit   .   b - +0 leather armour
rPois    .         Reflect  .   c - +0 hat
rElec    .         Harm     .   (no cloak)
rCorr    .         Rampage  .   (no gloves)
Will     .....                  (no boots)
Stlth    +.........             (no amulet)
HPRegen  0.14/turn              q - ring of protection from fire
MPRegen  0.09/turn              (no ring)

@: no status effects
A: horns 2, retaliatory headbutt
a: no special abilities


You were on level 4 of the Dungeon.
You visited 1 branch of the dungeon, and saw 4 of its levels.

You collected 132 gold pieces.

Inventory:

Hand Weapons
 a - a +0 long sword of freezing (weapon)
Missiles
 d - 2 throwing nets (quivered)
Armour
 b - a +0 leather armour (worn)
 c - a +0 hat (worn)
 i - a +0 kite shield
Jewellery
 q - a ring of protection from fire (left hand)
Wands
 t - a wand of acid (7)
 u - a wand of paralysis (5)
Scrolls
 e - a scroll of identify
 g - 2 scrolls of amnesia {unknown}
 h - a scroll of enchant armour {unknown}
 j - a scroll of teleportation {unknown}
 n - a scroll of magic mapping {unknown}
 p - 2 scrolls of brand weapon
Potions
 f - 3 potions of curing {unknown}
 k - 3 potions of heal wounds {unknown}
 l - 2 potions of degeneration {unknown}
 m - a potion of lignification {unknown}
 o - 3 potions of haste
 r - a potion of ambrosia {unknown}
 s - a potion of magic {unknown}


   Skills:
 - Level 2.4 Fighting
 * Level 5.7 Long Blades
 - Level 2.0 Throwing
 - Level 3.7 Dodging
 * Level 2.9 Shields


You had 4 spell levels left.
You didn't know any spells.
Your spell library contained the following spells:

 Spells                   Type           Power      Damage    Failure   Level
 Tukima's Dance           Hex            0%         N/A       88%         3
 Passage of Golubria      Tloc           N/A        N/A       99%         4
 Yara's Violent Unravell  Hex/Tmut       0%         3d3       100%        5


Dungeon Overview and Level Annotations

Branches:
Dungeon (4/15)
 Temple: D:4-7

Altars:
Fedhas
Wu Jian


Innate Abilities, Weirdness & Mutations

You have a pair of horns on your head.
You reflexively headbutt those who attack you in melee.


Message History

You see here a rat corpse.
There is a stone staircase leading down here.
You climb downwards.
There is a stone staircase leading up here.
Found a stone staircase leading down.
There is a stone staircase leading down here.
Found 15 gold pieces.
Found 11 gold pieces.
You now have 121 gold pieces (gained 15).
You now have 132 gold pieces (gained 11).
Found a stone staircase leading down.
There is a stone staircase leading down here.
Found a glowing bronze wand.
Found a forked brass wand.
t - a wand of acid (7)
u - a wand of paralysis (5)
A wyvern comes into view.
The wyvern hisses angrily.
A wyvern is nearby!
The wyvern bites you!
You closely miss the wyvern. The wyvern bites you! x2
* * * LOW HITPOINT WARNING * * *
Throw: 3 throwing nets
Press: ? - help, Q - select action, (/) - cycle Shift-Dir - straight line, f - wyvern
Aim: a wyvern (59% to hit)
You throw a throwing net. The throwing net hits the wyvern.
The wyvern is caught in the net!
The wyvern struggles against the net.
You strike the helpless wyvern from behind!
You hit the wyvern but do no damage.
The wyvern struggles against the net. x2
You catch the helpless wyvern completely off-guard!
You slash the wyvern! You freeze the wyvern.
The wyvern is heavily wounded.
The wyvern struggles against the net.
You hit the wyvern but do no damage.
The wyvern is heavily wounded.
The wyvern struggles against the net.
The net rips apart, and the wyvern comes free!
The wyvern bites you!
You die...

###....#### #....#
#...## #...# ### #...#
#.. #...# #.# # #...#
#.##.###.
.####...########l.......
...............#@.#
..................#
...............#.##
#####...########.# #...#
#.# #...# #.# #...# #.#
#...# #.# #. .#


You could see a wyvern.

Vanquished Creatures
  A scorpion (D:3)
  2 adders (D:3)
  4 dart slugs
  An orc (D:3)
  6 ball pythons
  A bat (D:2)
  An endoplasm (D:2)
  3 giant cockroaches
  7 goblins
  4 hobgoblins
  6 kobolds
  6 quokkas
  A frilled lizard (D:1)
  7 rats
50 creatures vanquished.

Vanquished Creatures (others)
  A plant (D:3)
1 creature vanquished.

Grand Total: 51 creatures vanquished

Notes
Turn   | Place    | Note
-------+----------+-------------------------------------------
     0 | D:1      | Crownlay the Minotaur Gladiator began the quest for the
                  | Orb.
     0 | D:1      | Reached XP level 1. HP: 18/18 MP: 0/0
    90 | D:1      | Reached skill level 4 in Long Blades
   224 | D:1      | Reached XP level 2. HP: 25/25 MP: 1/1
   585 | D:1      | Found a faded altar of an unknown god.
   840 | D:2      | Reached XP level 3. HP: 30/30 MP: 2/2
  1705 | D:3      | Reached skill level 1 in Shields
  1731 | D:3      | Reached skill level 5 in Long Blades
  1779 | D:3      | Reached XP level 4. HP: 37/37 MP: 3/3
  1824 | D:3      | Noticed a scorpion
  1832 | D:3      | Killed a scorpion
  1991 | D:3      | Found an ornate altar of the Wu Jian Council.
  2340 | D:3      | Found a blossoming altar of Fedhas.
  2738 | D:3      | Reached XP level 5. HP: 36/42 MP: 4/4
  3009 | D:4      | Noticed a wyvern
  3015 | D:4      | Slain by a wyvern

Illustrated notes

Levels and vault maps discovered:
D:1:      ncdulo_lavacross, layout_basic,
          shapermc_ecumenical_altar_mp_urbaneastern
D:2:      layout_basic, minmay_tall_x
D:3:      layout_basic, lemuel_round_altar, mainiacjoe_overflow_surrounded_room,
          saegor_snake_ambush
D:4:      layout_loops_cross, uniq_natasha

Skill      XL: |  1  2  3  4 |
---------------+-------------+-----
Long Blades    | 4 5 |  5.7
Shields        | 1 2 |  2.9
Fighting       | |  2.4
Throwing       | |  2.0
Dodging        | |  3.7

Action                   |  1- 3 |  4- 6 || total
-------------------------+-------+-------++-------
Melee: Long sword        |    73 |    27 ||   100
       Headbutt          |    15 |     5 ||    20
Throw: Throwing net      |       |     1 ||     1
  Use: Scroll            |     2 |       ||     2
 Stab: Held in net/web   |       |     2 ||     2
Armor: Leather armour    |    13 |     3 ||    16
Dodge: Dodged            |    44 |    14 ||    58
       Rpst.: Long sword |    16 |     2 ||    18
